 Dungeon Crawl Stone Soup version 0.29.1-2-gbd0b4ee654 (webtiles) character file.

Game seed: 1427659275902390855

694 tevo3000 the Covered (level 7, -7/44 HPs)
             Began as a Gargoyle Fighter on Nov 27, 2022.
             Was a Priest of Nemelex Xobeh.
             Killed by divine providence
             ... invoked by an orc priest
              (13 damage)
             ... on level 5 of the Dungeon.
             The game lasted 00:17:43 (4877 turns).

tevo3000 the Covered (Gargoyle Fighter)             Turns: 4877, Time: 00:17:44

Health: -7/44      AC: 14    Str: 20 (22) XL:     7   Next: 64%
Magic:  7/7        EV:  9    Int:  7 (8)  God:    Nemelex Xobeh [***...]
Gold:   232        SH:  4    Dex:  9      Spells: 6/6 levels left

rFire   . . .      SeeInvis .   d - +1 flail (venom)
rCold   . . .      Faith    .   c - +0 buckler
rNeg    + . .      Spirit   .   b - +0 scale mail
rPois   ∞          Reflect  .   n - +1 helmet
rElec   +          Harm     .   (no cloak)
rCorr   .          Rampage  .   (no gloves)
Will    .....                   (no boots)
Stlth   ..........              (no amulet)
HPRegen 0.14/turn               (no ring)
MPRegen 0.10/turn               (no ring)

@: no status effects
A: sickness immunity, AC +4, negative energy resistance 1, electricity
resistance, torment resistance 1, petrification resistance
a: Renounce Religion, Draw Escape, Draw Destruction, Draw Summoning, Triple Draw


You were on level 5 of the Dungeon.
You worshipped Nemelex Xobeh.
Nemelex Xobeh was most pleased with you.
You visited 1 branch of the dungeon, and saw 5 of its levels.

You collected 232 gold pieces.

Inventory:

Hand Weapons
 a - a +0 flail
 d - a +1 flail of venom (weapon)
Armour
 b - a +0 scale mail (worn)
 c - a +0 buckler (worn)
 n - a +1 helmet (worn)
Jewellery
 k - a ring of fire
Wands
 r - a wand of paralysis (4)
Scrolls
 i - 2 scrolls of teleportation
 l - a scroll of magic mapping
Potions
 e - a potion of heal wounds {unknown}
 f - a potion of haste
 m - a potion of resistance {unknown}
 o - 2 potions of curing
 s - a potion of cancellation {unknown}


   Skills:
 + Level 5.1 Fighting
 * Level 5.4 Maces & Flails
 * Level 6.5 Armour
 - Level 3.2 Shields


You had 6 spell levels left.
You didn't know any spells.
Your spell library contained the following spells:

 Spells                   Type           Power      Damage    Failure   Level
 Foxfire                  Conj/Fire      0%         2x1d4     85%         1
 Static Discharge         Conj/Air       0%         3-3/arc   94%         2
 Conjure Flame            Conj/Fire      0%         6-21      99%         3
 Inner Flame              Hex/Fire       0%         N/A       99%         3
 Flame Wave               Conj/Fire      0%         2d4       100%        4
 Lightning Bolt           Conj/Air       0%         1d11      100%        5
 Maxwell's Capacitive Co  Air            0%         ∞         100%        8


Dungeon Overview and Level Annotations

Branches:
Dungeon (5/15)
 Temple: D:4-7

Altars:
Kikubaaqudgha
Nemelex Xobeh
Ru
Uskayaw

Annotations:
D:5 Edmund


Innate Abilities, Weirdness & Mutations

You are immune to sickness and miasma.
Your stone body is resilient. (AC +4)
You are immune to poison.
You resist negative energy. (rN+)
You are resistant to electric shocks. (rElec)
You are resistant to unholy torment.
You are immune to petrification.


Message History

It is a scroll of identify.
l - a scroll of magic mapping
As you read the scroll labelled FIAJ UROIRPH, it crumbles to dust.
It is a scroll of amnesia.
You feel forgetful for a moment. You block Edmund's attack.
As you read the scroll labelled RATHRA UKHLUEGYPH, it crumbles to dust.
You hear a loud clanging noise!
It was a scroll of noise.
You hear a shout! x2
Edmund barely misses you. You block Edmund's attack.
You hit Edmund but do no damage.
Edmund is poisoned.
You block Edmund's attack.
An orc comes into view. It is wielding a +0 whip.
You barely miss Edmund.
Edmund is lightly wounded.
You block Edmund's attack. Edmund barely misses you.
You hit Edmund but do no damage.
Edmund looks as sick as possible!
Edmund is lightly wounded.
Edmund hits you but does no damage. x2
You sock Edmund!
Edmund is moderately wounded.
Edmund hits you with a +2 vorpal flail! Edmund hits you but does no damage.
You hit Edmund.
Edmund is moderately wounded.
Edmund barely misses you.
You hit Edmund but do no damage.
Edmund looks as sick as possible!
Edmund is heavily wounded.
Edmund hits you with a +2 vorpal flail.
Edmund says, "A flail is better than a scythe, any day of the week!"
Edmund closely misses you.
You hit Edmund but do no damage.
Edmund looks as sick as possible!
Edmund is heavily wounded.
Edmund hits you with a +2 vorpal flail.
* * * LOW HITPOINT WARNING * * *
x2 You feel better.
Edmund hits you but does no damage. Edmund hits you with a +2 vorpal flail!
* * * LOW HITPOINT WARNING * * *
x2 The orc priest invokes the aid of Beogh against you.
Beogh smites you!
You die...
Your body glows slightly and disappears.

#...........#
#.......
#....#.##...#
#.####..
#.#.##.###......
#.. #.#....#
####### ###..
#.####.# #....
#.####.#
####.#..
#......#
#######.......
######.#
#.............
#######@#
#......>......
#......@#
#.............
#.#####.#
#.............
#o#
#.............
.o#
#.............
#.#
#............#
#.#
##.#####.#.###
..# #.##......#
### #.##.##>###


You could see Edmund (fast, extremely poisoned), an orc priest and an orc.

Vanquished Creatures
  A water moccasin (D:5)
  A scorpion (D:4)
  A killer bee (D:4)
  A jelly (D:4)
  An orc priest (D:4)
  2 hounds
  An iguana (D:5)
  8 gnolls
  7 adders
  2 worms
  3 dart slugs
  3 orcs
  8 endoplasms
  4 giant cockroaches
  6 hobgoblins
  2 jackals (D:2)
  3 quokkas (D:3)
  3 ball pythons
  5 bats
  4 frilled lizards
  7 goblins
  3 kobolds
  7 rats
83 creatures vanquished.

Vanquished Creatures (others)
  2 withered plants (D:4)
2 creatures vanquished.

Grand Total: 85 creatures vanquished

Notes
Turn   | Place    | Note
-------+----------+-------------------------------------------
     0 | D:1      | tevo3000 the Gargoyle Fighter began the quest for the Orb.
     0 | D:1      | Reached XP level 1. HP: 14/14 MP: 1/1
    51 | D:1      | Found a faded altar of an unknown god.
   128 | D:1      | Prayed at the altar of an unknown god.
   128 | D:1      | Became a worshipper of Nemelex Xobeh the Trickster
   128 | D:1      | Reached * piety under Nemelex Xobeh
   128 | D:1      | Received a gift from Nemelex Xobeh
   527 | D:1      | Reached XP level 2. HP: 19/19 MP: 2/2
   744 | D:1      | Received a gift from Nemelex Xobeh
  1259 | D:2      | Reached ** piety under Nemelex Xobeh
  1623 | D:2      | Reached XP level 3. HP: 22/23 MP: 3/3
  1887 | D:2      | Reached skill level 4 in Armour
  2057 | D:2      | Reached XP level 4. HP: 29/29 MP: 4/4
  2381 | D:3      | Found a hide-covered altar of Uskayaw.
  2545 | D:3      | Noticed a steam dragon
  2545 | D:3      | a worm changed into a steam dragon
  2553 | D:3      | Banished a steam dragon
  2554 | D:3      | Reached skill level 5 in Armour
  2554 | D:3      | Reached XP level 5. HP: 6/33 MP: 5/5
  2870 | D:3      | Found a sacrificial altar of Ru.
  3083 | D:3      | Reached *** piety under Nemelex Xobeh
  3212 | D:4      | Reached XP level 6. HP: 38/38 MP: 6/6
  3436 | D:4      | Found an ancient bone altar of Kikubaaqudgha.
  4364 | D:4      | Reached skill level 6 in Armour
  4364 | D:4      | Reached XP level 7. HP: 38/44 MP: 7/7
  4522 | D:5      | Entered Level 5 of the Dungeon
  4581 | D:5      | Received a gift from Nemelex Xobeh
  4599 | D:5      | Reached skill level 5 in Fighting
  4599 | D:5      | Reached skill level 5 in Maces & Flails
  4863 | D:5      | Noticed Edmund
  4877 | D:5      | Killed from afar by an orc priest

Illustrated notes

Levels and vault maps discovered:
D:1:      psy_arrival_basics, layout_basic, nicolae_ecumenical_lake_church
D:2:      layout_loops_corners
D:3:      layout_basic, mainiacjoe_overflow_concentric_impassable,
          eat_drink_and_be_merry_uskayaw, nrook_mini_vaults,
          minmay_stone_trees_small, interstate_on_off
D:4:      layout_loops_ring, kiku_gazebo_garden_becter
D:5:      layout_loops_cross, minmay_temple_entry_statues,
          grunt_decor_arrowhead, uniq_edmund

Skill      XL: |  1  2  3  4  5  6  7 |
---------------+----------------------+-----
Armour         | 4 5 6 |  6.5
Maces & Flails | 3 4 5 |  5.4
Fighting       | 4 5 |  5.1
Shields        | |  3.2

Action                   |  1- 3 |  4- 6 |  7- 9 || total
-------------------------+-------+-------+-------++-------
Melee: Flail             |   136 |   113 |    41 ||   290
Invok: Draw Destruction  |       |     8 |       ||     8
       Draw Escape       |       |     1 |       ||     1
  Use: Potion            |     1 |     2 |     1 ||     4
       Scroll            |       |       |     6 ||     6
Armor: Scale mail        |   102 |    76 |    23 ||   201
Dodge: Dodged            |    64 |    63 |    13 ||   140
Block: Buckler           |    21 |    24 |     8 ||    53
